 Dungeon Crawl Stone Soup version 0.30.1-11-g7821555f0a (webtiles) character file.

Game seed: 12155575643161176426

65 porpoise the Shooter (level 3, 0/31 HPs)
             Began as a Minotaur Hunter on Jan 3, 2024.
             Slain by a cerulean imp
             ... wielding a +2 spear
             ... summoned by Natasha
              (4 damage)
             ... on level 2 of the Dungeon.
             The game lasted 00:01:59 (1045 turns).

porpoise the Shooter (Minotaur Hunter)              Turns: 1045, Time: 00:02:00

Health: 0/31       AC:  3    Str: 15    XL:     3   Next: 92%
Magic:  2/2        EV: 12    Int:  6    God:
Gold:   67         SH:  0    Dex: 15    Spells: 2/2 levels left

rFire   . . .        a - +0 shortbow
rCold   . . .        (shield currently unavailable)
rNeg    . . .        c - +0 leather armour
rPois   .            (helmet restricted)
rElec   .            (no cloak)
rCorr   .            (no gloves)
SInv    .            (no boots)
Will    .....        (no amulet)
Stlth   +            (no ring)
HPRegen 0.25/turn    (no ring)
MPRegen 0.08/turn

%: no passive effects
@: slowed, very slow
A: horns 2, retaliatory headbutt
a: no special abilities


You were on level 2 of the Dungeon.
You visited 1 branch of the dungeon, and saw 2 of its levels.

You collected 67 gold pieces.

Inventory:

Hand Weapons
 a - a +0 shortbow (weapon)
 b - a +0 flail
Armour
 c - a +0 leather armour (worn)
Scrolls
 f - a scroll of blinking {unknown}
 g - a scroll of immolation
 h - a scroll of enchant weapon {unknown}
 l - a scroll of identify {unknown}
 m - a scroll of amnesia {unknown}
Potions
 d - a potion of haste {unknown}
 e - a potion of resistance {unknown}
 i - 2 potions of mutation {unknown}
 j - a potion of heal wounds {unknown}
 k - a potion of attraction {unknown}


   Skills:
 + Level 3.3 Fighting
 * Level 5.3 Ranged Weapons
 + Level 1.9 Armour
 - Level 2.1 Dodging
 - Level 0.7 Stealth


You had 2 spell levels left.
You didn't know any spells.
Your spell library was empty.

Dungeon Overview and Level Annotations

Branches:
Dungeon (2/15)

Altars:

Annotations:
D:2 Natasha


Innate Abilities, Weirdness & Mutations

You have a pair of horns on your head.
You reflexively headbutt those who attack you in melee.


Message History

Natasha is heavily wounded.
Natasha claws you but does no damage.
You shoot an arrow. The arrow closely misses Natasha.
Natasha claws you but does no damage.
You shoot an arrow.
The arrow hits Natasha but does no damage.
Natasha is heavily wounded.
Natasha growls.
Natasha claws you.
You are too injured to fight recklessly!
You are too injured to fight recklessly!
You are too injured to fight recklessly!
You shoot an arrow. The arrow barely misses Natasha.
Natasha closely misses you.
Natasha mumbles some strange words.
You shoot an arrow. The arrow closely misses Natasha.
Natasha claws you.
The cerulean imp hits you but does no damage.
You shoot an arrow. The arrow closely misses Natasha.
Natasha claws you but does no damage. The cerulean imp barely misses you.
You shoot an arrow. The arrow hits Natasha.
Natasha is severely wounded.
Natasha closely misses you.
The cerulean imp hits you but does no damage.
You shoot an arrow. The arrow closely misses Natasha.
Natasha barely misses you.
The cerulean imp hits you but does no damage.
Natasha wildly gestures.
Natasha shimmers violently.
Natasha claws you but does no damage.
The cerulean imp hits you with a +2 spear.
You shoot an arrow. The arrow closely misses Natasha.
Natasha claws you!
* * * LOW HITPOINT WARNING * * *
The cerulean imp misses you. You furiously retaliate!
You headbutt the cerulean imp! You shoot an arrow. The arrow hits Natasha.
Natasha is almost dead.
Natasha stares at you and mumbles some strange words.
You feel yourself slow down.
The cerulean imp hits you with a +2 spear.
You die...

########### #.........#
#...).....# )##
#...†.....#########...#
#.........#............
#.........<# #5@h......
#..........# #.##...!..
#..........###.# #...#
#.........#...## .##
#.........##.##
###.#..#.####...
#...#....####.....
†.#####<.......####
#...#..........#


You could see Natasha and a cerulean imp (summoned).

Vanquished Creatures
  Natasha (D:2)
  An adder (D:2)
  A ball python (D:1)
  2 bats (D:1)
  5 endoplasms
  2 giant cockroaches
  3 goblins (D:1)
  3 hobgoblins (D:1)
  4 jackals (D:1)
  2 kobolds (D:1)
  A frilled lizard (D:2)
  2 rats (D:1)
27 creatures vanquished.

Notes
Turn   | Place    | Note
-------+----------+-------------------------------------------
     0 | D:1      | porpoise the Minotaur Hunter began the quest for the Orb.
     0 | D:1      | Reached XP level 1. HP: 18/18 MP: 0/0
   265 | D:1      | Reached XP level 2. HP: 25/25 MP: 1/1
   374 | D:1      | Reached skill level 1 in Armour
   874 | D:1      | Reached skill level 5 in Ranged Weapons
   957 | D:2      | Noticed Natasha
   961 | D:2      | Killed Natasha
   962 | D:2      | Reached XP level 3. HP: 24/31 MP: 2/2
  1032 | D:2      | Noticed Natasha
  1045 | D:2      | Slain by a cerulean imp

Illustrated notes

Levels and vault maps discovered:
D:1:      lightli_arrival_isolated_outpost, layout_basic
D:2:      layout_loops_ring, palyth_stone_intersect, uniq_robin, uniq_natasha

Skill      XL: |  1  2 |
---------------+-------+-----
Armour         | 1 |  1.9
Fighting       | 3 |  3.3
Ranged Weapons | 5 |  5.3
Dodging        | |  2.1
Stealth        | |  0.7

Action                     || total
---------------------------++-------
   Fire: Shortbow          ||    78
 Armour: Leather armour    ||    12
  Dodge: Dodged            ||    12
